 Dungeon Crawl Stone Soup version 0.30.0-10-gfe55d96785 (webtiles) character file.

Game seed: 1811805217850282162

3381 qw the Blocker (level 10, -2/59 HPs)
             Began as a Gargoyle Cinder Acolyte on May 17, 2023.
             Was an Initiate of Ignis.
             Slain by a killer bee (4 damage)
             ... on level 8 of the Dungeon.
             The game lasted 00:04:54 (9233 turns).

qw the Blocker (Gargoyle Cinder Acolyte)            Turns: 9233, Time: 00:04:55

Health: -2/59      AC: 18    Str: 22    XL:     10   Next: 3%
Magic:  11/11      EV:  6    Int: 15    God:    Ignis [......]
Gold:   362        SH: 14    Dex:  5    Spells: 11/11 levels left

rFire   + + .        Y - +0 war axe
rCold   . . .        u - +0 tower shield "Kituomuc" {rF+}
rNeg    + . .        n - +0 chain mail
rPois   inf          k - +1 helmet
rElec   +            (no cloak)
rCorr   .            (no gloves)
SInv    .            (no boots)
Will    .....        a - amulet of the acrobat Stlth
                     (no ring)
HPRegen 0.29/turn    (no ring)
MPRegen 0.12/turn

%: acrobat
@: no status effects
A: sickness immunity, AC +7, negative energy resistance 1, electricity
resistance, torment resistance 1, petrification resistance
a: Renounce Religion, Rising Flame


You were on level 8 of the Dungeon.
You worshipped Ignis.
Ignis was noncommittal.
You visited 2 branches of the dungeon, and saw 10 of its levels.

You collected 362 gold pieces.


Innate Abilities, Weirdness & Mutations

You are immune to sickness and miasma.
Your stone body is resilient. (AC +7)
You are immune to poison.
You resist negative energy. (rN+)
You are resistant to electric shocks. (rElec)
You are resistant to unholy torment.
You are immune to petrification.


   Skills:
 - Level 5.0 Fighting
 + Level 7.6 Axes
 - Level 1.8 Throwing
 - Level 3.6 Armour
 - Level 11.0 Shields
 - Level 1.0 Spellcasting
 - Level 3.0 Fire Magic


You had 11 spell levels left.
You didn't know any spells.
Your spell library contained the following spells:

 Spells                   Type           Power      Damage    Failure   Level
 Scorch                   Fire           18%        2d5       94%         2

Inventory:

Hand Weapons
 j - a -1 hand axe of flaming
 Y - a +0 war axe (weapon)
Missiles
 d - 12 boomerangs (quivered)
Armour
 k - a +1 helmet (worn)
 n - a +0 chain mail (worn)
 u - the +0 tower shield "Kituomuc" (worn) {rF+}
   (You found it on level 4 of the Dungeon)

   rF:        It protects you from fire.
Jewellery
 a - an amulet of the acrobat (around neck)
Scrolls
 t - a scroll of identify
Potions
 b - a potion of might
 c - a potion of mutation
 g - a potion of resistance
 i - a potion of cancellation
 r - 2 potions of curing
 s - a potion of attraction {unknown}
 v - a potion of haste

Dungeon Overview and Level Annotations

Branches:
Dungeon (9/15)             Temple (1/1) D:6
   Lair: D:8-11         Orc: D:9-12

Altars:
Ashenzari
Cheibriados
Dithmenos
Elyvilon
Fedhas
Gozag
Hepliaklqana
Makhleb
Nemelex Xobeh
Qazlal
Ru
Sif Muna
Trog
Uskayaw
Vehumet
Wu Jian
Xom
Yredelemnul
The Shining One

Shops:
D:1 *   D:5 :


Message History

You hit the killer bee. You closely miss the killer bee.
The killer bee stings you but does no damage.
You block the killer bee's attack. The killer bee stings you.
The water moccasin barely misses you. You block the killer bee's attack.
The killer bee stings you but does no damage.
You block the killer bee's attack.
The water moccasin bites you but does no damage.
You barely miss the water moccasin.
The water moccasin is severely wounded.
You closely miss the killer bee. x2; You slash the killer bee!
You kill the killer bee!
The killer bee stings you but does no damage. x2
The water moccasin barely misses you. The killer bee barely misses you.
You block the killer bee's attack.
The killer bee stings you but does no damage. x2
The water moccasin bites you!
The killer bee stings you but does no damage.
You block the killer bee's attack.
You have reached level 10!
You miss the water moccasin.
The water moccasin is severely wounded.
You miss the killer bee. x3
You block the killer bee's attack. The killer bee barely misses you.
You block the killer bee's attack. You block the water moccasin's attack.
The killer bee stings you but does no damage. x3
The water moccasin bites you but does no damage.
The killer bee closely misses you. The killer bee barely misses you.
The killer bee stings you but does no damage.
You slash the water moccasin!
You kill the water moccasin!
You barely miss the killer bee. x3
You block the killer bee's attack. The killer bee closely misses you.
The killer bee stings you but does no damage. x4
You block the killer bee's attack.
You miss the killer bee.
The killer bee is severely wounded.
You barely miss the killer bee. You slash the killer bee!
You miss the killer bee. The killer bee stings you.
You die...

#......>############......#
####.#### #..###.# #.#
####### #..###.# #.#
#.....# #....#.#
#.######.....####.##.#.#
#.....#<........#.##.#.#
#####.#.....y##.#......#
#.#.....y##.####.###
#.#.##.Dy@#.# #..#
###.#.##.#yy#.# #.##
#.....##......# #.#
#.#.#.......### #.# ####
#.#...#####.#####.# ...#
#.###.##..........# ##[#
#.....##.##.####### ##.#
#####.......# ###### ##)#
####.#### #.....


You could see a steam dragon and 5 killer bees.

Vanquished Creatures
  Maggie (D:7)
  5 yaks (D:8)
  Menkaure (D:7)
  2 water moccasins
  A black bear (D:5)
  3 ice beasts
  2 ogres
  A centaur (D:8)
  A phantom (D:5)
  Blork the orc (D:5)
  3 bullfrogs
  2 kobold brigands
  5 killer bees
  3 hounds
  2 jellies
  2 orc wizards
  2 sleepcaps (D:7)
  6 iguanas
  Robin (D:2)
  14 gnolls
  7 adders
  2 shadow imps
  An ufetubus (D:5)
  3 worms (D:2)
  4 dart slugs
  20 orcs
  4 bats
  11 endoplasms
  2 giant cockroaches
  16 goblins
  13 hobgoblins
  7 jackals
  3 quokkas (D:1)
  7 ball pythons
  A frilled lizard (D:2)
  16 kobolds
  6 rats
181 creatures vanquished.

Notes
Turn   | Place    | Note
-------+----------+-------------------------------------------
     0 | D:1      | qw the Gargoyle Cinder Acolyte began the quest for the Orb.
     0 | D:1      | Reached XP level 1. HP: 14/14 MP: 2/2
     0 | D:1      | 0 ||| qw: Version: 0.2-a-95-g4c1bab1
     0 | D:1      | 0 ||| qw: Game counter: 147
     0 | D:1      | 0 ||| qw: Always use a shield: true
     0 | D:1      | 0 ||| qw: God list: Okawaru
     0 | D:1      | 0 ||| qw: Allow faded altars: false
     0 | D:1      | 0 ||| qw: Do Orc after D:15 true
     0 | D:1      | 0 ||| qw: Do second Lair branch before Depths: true
     0 | D:1      | 0 ||| qw: Lair rune preference: random
     0 | D:1      | 0 ||| qw: Plans: Normal
     0 | D:1      | 0 ||| PLANNING D:1-11
    15 | D:1      | 15 ||| Stepping ~*~*~tactically~*~*~ (hiding).
    18 | D:1      | 18 ||| Stepping ~*~*~tactically~*~*~ (hiding).
    27 | D:1      | Reached skill level 3 in Axes
    79 | D:1      | Reached XP level 2. HP: 12/19 MP: 3/3
   277 | D:1      | 277 ||| Stepping ~*~*~tactically~*~*~ (stealth).
   413 | D:1      | Found Wierphycu's Assorted Antiques.
   415 | D:1      | 415 ||| Stepping ~*~*~tactically~*~*~ (stealth).
   424 | D:1      | Reached XP level 3. HP: 15/23 MP: 4/4
   478 | D:1      | 478 ||| SHOPLISTING bubbling inky potion (21 gold, have 0).
   478 | D:1      | 478 ||| SHOPLISTING orange potion (21 gold, have 0).
   478 | D:1      | 478 ||| SHOPLISTING plate armour (552 gold, have 0).
   478 | D:1      | 478 ||| SHOPLISTING scroll labelled FEGGOSMASK (24 gold,
                  | have 0).
   478 | D:1      | 478 ||| SHOPLISTING scroll labelled GADWEC BONUR (24 gold,
                  | have 0).
   478 | D:1      | 478 ||| SHOPLISTING scroll labelled JIOV RUULICEU (24 gold,
                  | have 0).
   590 | D:1      | Found a faded altar of an unknown god.
   817 | D:1      | 817 ||| READING scroll labelled LUSEDO COWA.
   822 | D:1      | 822 ||| DRINKING 2 pink potions.
   875 | D:2      | Found a sacrificial altar of Ru.
  1014 | D:2      | 1014 ||| INVOKING Fiery Armour.
  1014 | D:2      | HP: 5/23 [iguana (2)]
  1015 | D:2      | 1015 ||| READING scroll of teleportation.
  1129 | D:2      | Reached XP level 4. HP: 28/28 MP: 5/5
  1178 | D:2      | 1178 ||| Stepping ~*~*~tactically~*~*~ (stealth).
  1440 | D:2      | 1440 ||| Stepping ~*~*~tactically~*~*~ (stealth).
  1452 | D:2      | 1452 ||| Stepping ~*~*~tactically~*~*~ (stealth).
  1495 | D:2      | 1495 ||| Stepping ~*~*~tactically~*~*~ (stealth).
  1500 | D:2      | Noticed Robin
  1501 | D:2      | 1501 ||| INVOKING Fiery Armour.
  1504 | D:2      | 1504 ||| Stepping ~*~*~tactically~*~*~ (hiding).
  1515 | D:2      | Reached XP level 5. HP: 23/32 MP: 6/6
  1519 | D:2      | Killed Robin
  1854 | D:2      | 1854 ||| UPGRADING to +0 helmet.
  1859 | D:2      | 1859 ||| UPGRADING to amulet of the acrobat.
  1864 | D:2      | 1864 ||| READING scroll labelled FEGGOSMASK.
  1865 | D:2      | 1865 ||| READING scroll labelled ZAOMUM GUULEA.
  1866 | D:2      | 1866 ||| READING 2 scrolls labelled JIMELASHR ZEORA.
  1867 | D:2      | 1867 ||| DRINKING 2 orange potions.
  1868 | D:2      | 1868 ||| DROPPING scroll of immolation.
  2112 | D:3      | Found a snail-covered altar of Cheibriados.
  2321 | D:3      | Found a shimmering blue altar of Sif Muna.
  3079 | D:3      | 3079 ||| UPGRADING to +0 ring mail.
  3089 | D:3      | 3089 ||| DROPPING +0 robe.
  3090 | D:3      | 3090 ||| READING scroll labelled ITYFOALAMU.
  3091 | D:3      | 3091 ||| READING 2 scrolls labelled GEUNWI IBRAESKAF.
  3092 | D:3      | 3092 ||| READING scroll labelled NILEDEGISY.
  3093 | D:3      | 3093 ||| READING scroll labelled GADWEC BONUR.
  3094 | D:3      | 3094 ||| DROPPING scroll of poison.
  3154 | D:4      | 3154 ||| INVOKING Fiery Armour.
  3157 | D:4      | Reached skill level 1 in Armour
  3162 | D:4      | Reached XP level 6. HP: 39/39 MP: 7/7
  3379 | D:4      | 3379 ||| Stepping ~*~*~tactically~*~*~ (stealth).
  3493 | D:4      | Reached skill level 6 in Axes
  3664 | D:4      | 3664 ||| INVOKING Fiery Armour.
  3881 | D:4      | Identified the +0 tower shield "Kituomuc" {rF+}
  3997 | D:4      | Reached XP level 7. HP: 28/44 MP: 8/8
  4256 | D:4      | 4256 ||| UPGRADING to +0 chain mail.
  4266 | D:4      | 4266 ||| DROPPING +0 ring mail.
  4267 | D:4      | 4267 ||| UPGRADING to +0 tower shield "Kituomuc" {rF+}.
  4272 | D:4      | 4272 ||| READING scroll labelled JIOV RUULICEU.
  4273 | D:4      | 4273 ||| DRINKING 2 golden potions.
  4274 | D:4      | 4274 ||| DRINKING 5 silvery potions.
  4283 | D:4      | 4283 ||| DRINKING 3 bubbling inky potions.
  4284 | D:4      | 4284 ||| READING 2 scrolls of identify.
  4284 | D:4      | 4284 ||| IDENTIFYING smoky grey potion
  4285 | D:4      | 4285 ||| DROPPING potion of degeneration.
  4286 | D:4      | 4286 ||| DROPPING 4 potions of ambrosia.
  4334 | D:5      | Entered Level 5 of the Dungeon
  4346 | D:5      | 4346 ||| STAIRDANCE
  4356 | D:4      | Reached skill level 1 in Shields
  4524 | D:5      | Found Xerphoiw's Book Shop.
  4589 | D:5      | 4589 ||| INVOKING Fiery Armour.
  4590 | D:5      | Reached skill level 2 in Shields
  4743 | D:5      | Found an opulent altar of Gozag.
  4769 | D:5      | Reached skill level 3 in Shields
  4843 | D:5      | 4843 ||| INVOKING Fiery Armour.
  4845 | D:5      | Reached skill level 4 in Shields
  5242 | D:5      | 5242 ||| Stepping ~*~*~tactically~*~*~ (hiding).
  5395 | D:5      | Noticed Blork the orc
  5408 | D:5      | Killed Blork the orc
  5450 | D:5      | 5450 ||| SWAPPING to +0 war axe.
  5511 | D:5      | 5511 ||| INVOKING Fiery Armour.
  5513 | D:5      | Reached skill level 5 in Shields
  5513 | D:5      | Reached XP level 8. HP: 22/48 MP: 9/9
  5518 | D:5      | 5518 ||| Stepping ~*~*~tactically~*~*~ (stealth).
  5707 | D:5      | 5707 ||| DRINKING 2 fuming black potions.
  5708 | D:5      | 5708 ||| DRINKING 2 purple potions.
  5709 | D:5      | 5709 ||| DROPPING 2 potions of brilliance.
  5755 | D:6      | 5755 ||| INVOKING Fiery Armour.
  5761 | D:6      | Reached skill level 6 in Shields
  5763 | D:6      | 5763 ||| STAIRDANCE
  5769 | D:5      | Reached skill level 7 in Shields
  5876 | D:6      | 5876 ||| STAIRDANCE
  5909 | D:6      | 5909 ||| INVOKING Fiery Armour.
  6003 | D:6      | Identified the +2 ring mail of Broken Taboos {rF- Will+
                  | Str+3}
  6101 | D:6      | Found a staircase to the Ecumenical Temple.
  6177 | D:6      | 6177 ||| INVOKING Fiery Armour.
  6275 | D:6      | 6275 ||| READING scroll of enchant armour.
  6275 | D:6      | 6275 ||| ENCHANTING +0 helmet.
  6390 | D:6      | 6390 ||| DROPPING +2 ring mail of Broken Taboos {rF- Will+
                  | Str+3}.
  6391 | D:6      | 6391 ||| READING scroll labelled EKITAKL MIEMA.
  6392 | D:6      | 6392 ||| DRINKING 2 viscous orange potions.
  6393 | D:6      | 6393 ||| READING 2 scrolls of identify.
  6393 | D:6      | 6393 ||| IDENTIFYING glowing yellow potion
  6394 | D:6      | 6394 ||| DROPPING potion of flight.
  6423 | D:7      | 6423 ||| PLANNING OSSUARY
  6432 | D:7      | 6432 ||| STAIRDANCE
  6501 | D:7      | 6501 ||| INVOKING Fiery Armour.
  6769 | D:7      | 6769 ||| Stepping ~*~*~tactically~*~*~ (stealth).
  6770 | D:7      | 6770 ||| Stepping ~*~*~tactically~*~*~ (stealth).
  6841 | D:7      | Found a radiant altar of Vehumet.
  6916 | D:7      | 6916 ||| INVOKING Fiery Armour.
  6916 | D:7      | HP: 12/48 [ice beast (9)]
  6917 | D:7      | 6917 ||| READING 2 scrolls of teleportation.
  6918 | D:7      | 6918 ||| DRINKING 3 potions of heal wounds.
  6975 | D:7      | Reached skill level 8 in Shields
  7077 | D:7      | Noticed Maggie
  7078 | D:7      | 7078 ||| Stepping ~*~*~tactically~*~*~ (hiding).
  7078 | D:7      | 7078 ||| RIP OSSUARY
  7079 | D:7      | 7079 ||| PLANNING D:1-11
  7079 | D:7      | 7079 ||| Stepping ~*~*~tactically~*~*~ (hiding).
  7103 | D:7      | 7103 ||| INVOKING Fiery Armour.
  7104 | D:7      | Killed Maggie
  7105 | D:7      | Reached skill level 9 in Shields
  7105 | D:7      | Reached XP level 9. HP: 26/52 MP: 10/10
  7228 | D:7      | 7228 ||| Stepping ~*~*~tactically~*~*~ (hiding).
  7229 | D:7      | 7229 ||| Stepping ~*~*~tactically~*~*~ (hiding).
  7230 | D:7      | 7230 ||| Stepping ~*~*~tactically~*~*~ (hiding).
  7231 | D:7      | 7231 ||| Stepping ~*~*~tactically~*~*~ (hiding).
  7287 | D:7      | Noticed Menkaure
  7294 | D:7      | Reached skill level 10 in Shields
  7299 | D:7      | Killed Menkaure
  7300 | D:7      | Reached skill level 3 in Armour
  7711 | D:7      | 7711 ||| DROPPING +1 hat.
  7712 | D:7      | 7712 ||| DROPPING amulet of magic regeneration.
  7713 | D:7      | 7713 ||| READING scroll labelled VONNIY UPOXT.
  7714 | D:7      | 7714 ||| READING 3 scrolls of identify.
  7714 | D:7      | 7714 ||| IDENTIFYING amethyst potion
  7715 | D:7      | 7715 ||| READING 2 scrolls of identify.
  7715 | D:7      | 7715 ||| IDENTIFYING red potion
  7716 | D:7      | 7716 ||| DROPPING potion of invisibility.
  7717 | D:7      | 7717 ||| DROPPING potion of lignification.
  7874 | D:8      | 7874 ||| Stepping ~*~*~tactically~*~*~ (hiding).
  7876 | D:8      | 7876 ||| Stepping ~*~*~tactically~*~*~ (hiding).
  7877 | D:8      | 7877 ||| Stepping ~*~*~tactically~*~*~ (hiding).
  7879 | D:8      | 7879 ||| Stepping ~*~*~tactically~*~*~ (hiding).
  7880 | D:8      | 7880 ||| Stepping ~*~*~tactically~*~*~ (hiding).
  8031 | D:8      | 8031 ||| Stepping ~*~*~tactically~*~*~ (hiding).
  8050 | D:8      | HP: 13/52 [steam dragon (4)]
  8051 | D:8      | 8051 ||| READING scroll of teleportation.
  8303 | D:8      | Reached skill level 1 in Throwing
  8306 | D:8      | HP: 11/54 [yak (8)]
  8307 | D:8      | 8307 ||| DRINKING 2 potions of heal wounds.
  8311 | D:8      | 8311 ||| DRINKING potion of heal wounds.
  8316 | D:8      | HP: 8/54 [yak (8)]
  8609 | D:8      | 8609 ||| Stepping ~*~*~tactically~*~*~ (hiding).
  8610 | D:8      | 8610 ||| Stepping ~*~*~tactically~*~*~ (hiding).
  8611 | D:8      | 8611 ||| Stepping ~*~*~tactically~*~*~ (hiding).
  8658 | D:8      | 8658 ||| Stepping ~*~*~tactically~*~*~ (stealth).
  8659 | D:8      | 8659 ||| Stepping ~*~*~tactically~*~*~ (stealth).
  8661 | D:8      | 8661 ||| Stepping ~*~*~tactically~*~*~ (stealth).
  8662 | D:8      | 8662 ||| Stepping ~*~*~tactically~*~*~ (stealth).
  8683 | D:8      | Reached skill level 11 in Shields
  8875 | D:8      | 8875 ||| PLANNING TEMPLE
  8947 | Temple   | Entered the Ecumenical Temple
  9126 | Temple   | 9126 ||| PLANNING D:1-11
  9214 | D:9      | 9214 ||| STAIRDANCE
  9226 | D:8      | HP: 11/54 [water moccasin (3)]
  9230 | D:8      | HP: 1/54 [water moccasin (7)]
  9231 | D:8      | Reached XP level 10. HP: 1/59 MP: 11/11
  9233 | D:8      | Slain by a killer bee

Levels and vault maps discovered:
D:1:      elethiomel_arrival_quiet, layout_rooms, serial_shops,
          nicolae_shop_hallway_stairs, dreamdust_ecumenical_altar_grove,
          roderic_lattice_a
D:2:      layout_rooms, basic_altar, kennysheep_big_empty_room,
          patterned_corridor, uniq_robin
D:3:      layout_basic, kennysheep_orc_sif_temple, lemuel_tele_altar
D:4:      layout_gridville, serial_rivers, chequers_serial_rivers_marsh,
          chequers_serial_rivers_micro_c, chequers_serial_rivers_micro_d,
          chequers_serial_rivers_small_b
D:5:      layout_basic, nicolae_gozag_seed_capital, serial_shops,
          nicolae_diamond_shop, uniq_blork_the_orc
D:6:      layout_rooms, temple_pool_b
D:7:      layout_gridville, kennysheep_mini_moat,
          nicolae_ossuary_entry_monument, hellmonk_no_cap, uniq_maggie,
          uniq_menkaure
D:8:      layout_loops_cross
D:9:      layout_gridville, kennysheep_vampire_church,
          mainiacjoe_overflow_brackets, zombieorc2_lemuel,
          hellmonk_ghost_big_iron, nicolae_transporter_intersection
Temple:   nicolae_temple_bog_church

Skill      XL: |  1  2  3  4  5  6  7  8  9 |
---------------+----------------------------+-----
Axes           | 3 4 5 6 7 |  7.6
Fighting       | 4 5 |  5.0
Armour         | 1 2 3 |  3.6
Shields        | 5 9 11 | 11.0
Throwing       | 1 |  1.8
Spellcasting   | |  1.0
Fire Magic     | |  3.0

Action                     |  1- 3 |  4- 6 |  7- 9 | 10-12 || total
---------------------------+-------+-------+-------+-------++-------
  Melee: Hand axe          |   138 |   238 |   130 |       ||   506
         Punch             |     2 |     3 |       |       ||     5
         War axe           |       |       |   303 |     3 ||   306
  Throw: Boomerang         |    22 |    17 |    16 |       ||    55
 Invoke: Fiery Armour      |     1 |     3 |     9 |       ||    13
    Use: Scroll            |     2 |     7 |    10 |       ||    19
         Potion            |     1 |     1 |     9 |       ||    11
 Armour: Robe              |    45 |    40 |       |       ||    85
         Ring mail         |       |    60 |     6 |       ||    66
         Chain mail        |       |       |   386 |     9 ||   395
  Dodge: Dodged            |    82 |   101 |   148 |     4 ||   335
  Block: Tower shield      |       |       |   385 |     5 ||   390

Table legend:
 A = Non-vault XP
 B = Vault XP
 C = Vault XP percentage of total XP
 D = Non-vault monster count
 E = Vault monster count
 F = Vault count percentage of total count
                 A         B        C        D         E       F
            +---------+---------+-------+---------+---------+-------
      Total |    4049 |     781 |  16.2 |     161 |      20 |  11.0
            +---------+---------+-------+---------+---------+-------
        D:1 |      58 |       0 |   0.0 |      30 |       0 |   0.0
        D:2 |      91 |      38 |  29.5 |      22 |      13 |  37.1
        D:3 |      53 |      40 |  43.0 |      10 |       2 |  16.7
        D:4 |     395 |       0 |   0.0 |      30 |       0 |   0.0
        D:5 |     648 |      94 |  12.7 |      16 |       1 |   5.9
        D:6 |     429 |       0 |   0.0 |      16 |       0 |   0.0
        D:7 |     696 |     609 |  46.7 |      17 |       4 |  19.0
        D:8 |    1679 |       0 |   0.0 |      20 |       0 |   0.0
            +---------+---------+-------+---------+---------+-------
